 Dungeon Crawl Stone Soup version 0.29.1-2-gbd0b4ee654 (webtiles) character file.

Game seed: 13907360260842162667

44 fireball365 the Chopper (level 3, 0/33 HPs)
             Began as a Hill Orc Fighter on Oct 27, 2022.
             Slain by Natasha (3 damage)
             ... on level 2 of the Dungeon on Oct 28, 2022.
             The game lasted 00:03:36 (1108 turns).

fireball365 the Chopper (Hill Orc Fighter)          Turns: 1108, Time: 00:03:36

Health: 0/33       AC:  7    Str: 20    XL:     3   Next: 60%
Magic:  3/3        EV:  9    Int:  8    God:
Gold:   62         SH:  4    Dex: 10    Spells: 2/2 levels left

rFire   . . .      SeeInvis .   a - +0 war axe
rCold   . . .      Faith    .   c - +0 buckler
rNeg    . . .      Spirit   .   b - +0 scale mail
rPois   .          Reflect  .   (no helmet)
rElec   .          Harm     .   (no cloak)
rCorr   .          Rampage  .   (no gloves)
Will    .....                   (no boots)
Stlth   ..........              (no amulet)
HPRegen 0.11/turn               (no ring)
MPRegen 0.08/turn               (no ring)

@: mighty
A: no striking features
a: no special abilities


You were on level 2 of the Dungeon.
You visited 1 branch of the dungeon, and saw 2 of its levels.

You collected 62 gold pieces.

Inventory:

Hand Weapons
 a - a +0 war axe (weapon)
 g - a +0 sling
Missiles
 j - 11 stones (quivered)
Armour
 b - a +0 scale mail (worn)
 c - a +0 buckler (worn)
Magical Staves
 f - a staff of death
Scrolls
 h - 2 scrolls of identify {unknown}
 l - a scroll of teleportation {unknown}
Potions
 e - a potion of curing {unknown}
 i - 2 potions of mutation {unknown}
 k - 2 potions of berserk rage {unknown}


   Skills:
 - Level 3.8 Fighting
 * Level 4.1 Axes
 + Level 3.8 Armour
 - Level 3.4 Shields


You had 2 spell levels left.
You didn't know any spells.
Your spell library contained the following spells:

 Spells                   Type           Power      Damage    Failure   Level
 Summon Forest            Summ/Tloc      0%         N/A       100%        5
 Summon Mana Viper        Hex/Summ       0%         N/A       100%        5
 Summon Cactus Giant      Summ           0%         N/A       100%        6


Dungeon Overview and Level Annotations

Branches:
Dungeon (2/15)

Altars:

Annotations:
D:2 Natasha


Message History

You barely miss the frilled lizard. The frilled lizard barely misses you.
The frilled lizard closely misses you.
You closely miss the frilled lizard. The frilled lizard barely misses you.
You closely miss the frilled lizard. The frilled lizard closely misses you.
You slash the frilled lizard!
You kill the frilled lizard!
You see here a hobgoblin corpse.
You see here a hobgoblin corpse.
You now have 62 gold pieces (gained 15).
l - a scroll labelled NUMERCH KOINENGU Natasha, Servant of Life and Death comes into view.
Natasha casts a spell at you. The magic dart hits you. Natasha claws you.
You barely miss Natasha. Natasha claws you but does no damage.
You slash Natasha!
Natasha is heavily wounded.
Natasha claws you! You block Natasha's attack.
You barely miss Natasha.
Natasha is heavily wounded.
Natasha howls an incantation.
Natasha's front paws start to glow.
Natasha casts a spell at you. The magic dart hits you.
* * * LOW HITPOINT WARNING * * *
You barely miss Natasha.
Natasha is heavily wounded.
Natasha howls an incantation.
Natasha glows brightly for a moment.
Natasha mumbles some strange words.
You closely miss Natasha.
Natasha is heavily wounded.
You hit the crimson imp but do no damage.
Natasha barely misses you.
The crimson imp hits you but does no damage.
Natasha claws you.
* * * LOW HITPOINT WARNING * * *
You feel very mighty all of a sudden. The crimson imp closely misses you.
Natasha claws you.
You die...

...#######
#......#
..#. ....#
#....#.#
## .....#
#.##.....
#.# #....#
#.# #.#...
#.# ...#.
#.####.#.
###.5....#
#.h@######
#...##
#..# ###


You could see Natasha and a crimson imp (summoned).

Vanquished Creatures
  An adder (D:2)
  3 endoplasms
  A giant cockroach (D:1)
  5 goblins
  A hobgoblin (D:2)
  3 kobolds
  4 quokkas (D:1)
  5 ball pythons
  2 bats (D:1)
  2 frilled lizards
  4 rats
31 creatures vanquished.

Vanquished Creatures (others)
  An endoplasm (D:2)
1 creature vanquished.

Grand Total: 32 creatures vanquished

Notes
Turn   | Place    | Note
-------+----------+-------------------------------------------
     0 | D:1      | fireball365 the Hill Orc Fighter began the quest for the
                  | Orb.
     0 | D:1      | Reached XP level 1. HP: 19/19 MP: 1/1
   353 | D:1      | Reached skill level 3 in Axes
   353 | D:1      | Reached XP level 2. HP: 26/27 MP: 2/2
   692 | D:1      | Reached XP level 3. HP: 28/33 MP: 3/3
   836 | D:2      | Reached skill level 4 in Axes
  1100 | D:2      | Noticed Natasha
  1108 | D:2      | Slain by Natasha

Illustrated notes

Levels and vault maps discovered:
D:1:      minmay_arrival_diagonal_passages, layout_basic
D:2:      layout_rooms, hex_large, uniq_natasha

Skill      XL: |  1  2  3 |
---------------+----------+-----
Axes           | 3 4 |  4.1
Fighting       | |  3.8
Armour         | |  3.8
Shields        | |  3.4

Action                   || total
-------------------------++-------
Melee: War axe           ||    74
  Use: Potion            ||     1
Armor: Scale mail        ||    72
Dodge: Dodged            ||    91
Block: Buckler           ||    38
